 Dungeon Crawl Stone Soup version 0.31-a0-112-gdf0485fa37 (webtiles) character file.

Game seed: 12662085520983174240

2039858 ragingrage the Scorcher (level 27, 240/281 HPs)
             Began as a Naga Delver on May 26, 2023.
             Was the Champion of Vehumet.
             Escaped with the Orb
             ... and 4 runes on May 28, 2023!
             The game lasted 03:00:48 (89908 turns).

ragingrage the Scorcher (Naga Delver)              Turns: 89908, Time: 03:00:49

Health: 240/281    AC: 50    Str: 19    XL:     27
Magic:  43/43      EV: 10    Int: 30    God:    Vehumet [******]
Gold:   4773       SH: 17    Dex: 21    Spells: 2/58 levels left

rFire   + + .        a - +18 lance "Wyrmbane" {slay drac, rPois rF+ rC+ AC+3}
rCold   + + .        O - +2 kite shield {rC+ rF+}
rNeg    + . .        U - +7 pearl dragon scales
rPois   +            W - +1 helmet "Liwyphib" {Int+5}
rElec   +            o - +4 dragonskin cloak
rCorr   +            S - +2 pair of gloves {Dex+3}
SInv    +            y - +2 barding "Detuwiel" {Contam rPois Dex+2 Stlth+}
Will    +++..        P - amulet of magic regeneration
Stlth   ++           J - ring of the Equinox {Fly rElec rCorr Str+4}
HPRegen 1.46/turn    L - +6 ring of intelligence
MPRegen 0.68/turn

%: no passive effects
@: flying, studying 5 skills, very slow
A: AC +9, large, see invisible, deformed body, poison resistance, slowness 2,
spit poison 1, naga tail 2, stinger 1, deterioration 1, regeneration 1, robust
1, weak 1, subdued magic 2, MP-powered wands
0: Orb of Zot
}: 4/15 runes: barnacled, slimy, silver, gossamer
a: Spit Poison, Renounce Religion


You escaped.
You worshipped Vehumet.
Vehumet was exalted by your worship.
You visited 10 branches of the dungeon, and saw 52 of its levels.
You visited 1 ziggurat, and saw 11 of its levels.
You also visited: Bailey, Ice Cave and Volcano.

You collected 8466 gold pieces.
You spent 3693 gold pieces at shops.

Inventory:

Hand Weapons
 a - the +18 lance "Wyrmbane" (weapon) {slay drac, rPois rF+ rC+ AC+3}
   (You found it on level 2 of the Spider Nest)

   AC:        It affects your AC (+3).
   rF:        It protects you from fire.
   rC:        It protects you from cold.
   rPois:     It protects you from poison.
 p - the +5 spear of the Mosquito {vamp, rCorr}
   (You found it on level 10 of a ziggurat)

   rCorr:     It protects you from acid and corrosion.
 r - the +8 trishula "Condemnation" {holy, anguish, *Noise Fly rN+}
   (You took it off a deep elf death mage on level 3 of the Elven Halls)

   rN:        It protects you from negative energy.
   Fly:       It grants you flight.
   *Noise:    It may make noises in combat.
Missiles
 w - 6 curare-tipped darts
Armour
 o - the +4 dragonskin cloak (worn)
   (You took it off Tiamat on level 3 of the Realm of Zot)

   Avatar's Aegis: It grants the wearer a chance to resist fire, cold, poison,
   electricity, acid, and negative energy.
 y - the +2 barding "Detuwiel" (worn) {Contam rPois Dex+2 Stlth+}
   (You acquired it on level 2 of the Shoals)

   Dex:       It affects your dexterity (+2).
   rPois:     It protects you from poison.
   Contam:    It causes magical contamination when unequipped.
   Stlth:     It makes you more stealthy.
 O - a +2 kite shield of resistance (worn)
 S - a +2 pair of gloves of dexterity (worn)
 U - +7 pearl dragon scales (worn)
 W - the +1 helmet "Liwyphib" (worn) {Int+5}
   (You found it on level 15 of the Dungeon)

   Int:       It affects your intelligence (+5).
Magical Staves
 b - the staff of conjuration "Anuhicihe" {rC+ Str+4}
   (You found it on level 1 of the Elven Halls)

   [staff of conjuration]

   Base accuracy: +5 Base damage: 5 Base attack delay: 1.2 This weapon's minimum
   attack delay (0.6) is reached at skill level 12.
   Str:       It affects your strength (+4).
   rC:        It protects you from cold.
   It falls into the 'Staves' category.
   It is a one-handed weapon.
Jewellery
 j - a ring of wizardry
 k - the ring of Enuuz {rN+ Int+3}
   (You found it on level 5 of the Pits of Slime)

   [ring of positive energy]

   Int:       It affects your intelligence (+3).
   rN:        It protects you from negative energy.
 J - the ring of the Equinox (left hand) {Fly rElec rCorr Str+4}
   (You took it off a deep elf sorcerer on level 3 of the Elven Halls)

   [ring of flight]

   Str:       It affects your strength (+4).
   rElec:     It insulates you from electricity.
   Fly:       It grants you flight.
   rCorr:     It protects you from acid and corrosion.
 L - a +6 ring of intelligence (right hand)
 P - an amulet of magic regeneration (around neck)
Wands
 g - a wand of digging (10)
 n - a wand of paralysis (19)
 A - a wand of roots (44)
 K - a wand of quicksilver (25)
 Q - a wand of mindburst (43)
Scrolls
 c - 2 scrolls of enchant armour
 d - 10 scrolls of magic mapping
 h - 29 scrolls of teleportation
 q - 12 scrolls of fog
 C - 6 scrolls of torment
 D - 4 scrolls of blinking
 F - 5 scrolls of immolation
 H - 8 scrolls of fear
 N - 11 scrolls of vulnerability
 R - 7 scrolls of silence
Potions
 f - 9 potions of haste
 i - 12 potions of curing
 m - 11 potions of might
 s - 8 potions of enlightenment
 u - 12 potions of ambrosia
 v - 9 potions of magic
 x - 10 potions of heal wounds
 z - 6 potions of resistance
 B - 2 potions of berserk rage
 G - 7 potions of brilliance
 I - 8 potions of mutation
 M - 2 potions of invisibility
 V - 6 potions of cancellation
 Z - 8 potions of lignification
Miscellaneous
 e - a phial of floods
 l - a condenser vane (inert)
 t - a phantom mirror
 X - a box of beasts


   Skills:
 + Level 17.0 Fighting
 - Level 6.9 Short Blades
 - Level 14.0 Polearms
 - Level 14.0 Armour
 - Level 9.0 Dodging
 - Level 8.0 Stealth
 - Level 15.0 Shields
 - Level 16.0 Spellcasting
 - Level 18.0 Conjurations
 - Level 4.0 Hexes
 - Level 12.0 Summonings
 - Level 7.8 Transmutations
 - Level 20.0 Fire Magic
 - Level 8.0 Ice Magic
 - Level 6.0 Air Magic
 - Level 14.0 Earth Magic
 - Level 10.0 Poison Magic
 - Level 8.6 Evocations


You had 2 spell levels left.
You knew the following spells:

 Your Spells              Type           Power      Damage    Failure   Level
a - Spellforged Servitor  Conj/Summ      31%        N/A       2%          7
b - Animate Armour        Summ/Erth      100%       N/A       1%          4
c - Wereblood             Tmut           44%        N/A       1%          2
d - Irradiate             Conj/Tmut      29%        3d21      1%          5
e - Poisonous Vapours     Pois/Air       90%        N/A       1%          2
f - Ignite Poison         Fire/Tmut/Pois 58%        N/A       1%          3
g - Orb of Destruction    Conj           35%        9d10      1%          7
h - Lehudib's Crystal Sp  Conj/Erth      33%        10d8      16%         8
i - Freezing Cloud        Conj/Ice/Air   26%        6-21      1%          5
j - Ignition              Fire           37%        3d11      2%          8
k - Swiftness             Air            37%        N/A       1%          3
l - Passwall              Tmut/Erth      45%        N/A       1%          2

Your spell library contained the following spells:

 Spells                   Type           Power      Damage    Failure   Level
 Foxfire                  Conj/Fire      100%       2x1d9     0%          1
 Magic Dart               Conj           100%       1d8       0%          1
 Sandblast                Erth           100%       2d20      0%          1
 Shock                    Conj/Air       100%       1d9       0%          1
 Summon Small Mammal      Summ           100%       N/A       0%          1
 Scorch                   Fire           100%       2d9       0%          2
 Searing Ray              Conj           100%       2d8       0%          2
 Static Discharge         Conj/Air       100%       2-7/arc   0%          2
 Beastly Appendage        Tmut           88%        N/A       1%          1
 Freeze                   Ice            100%       1d10      1%          1
 Slow                     Hex            100%       N/A       1%          1
 Sting                    Tmut/Pois      100%       1d8       1%          1
 Cigotuvi's Dreadful Rot  Necr/Pois/Air  68%        N/A       1%          2
 Ensorcelled Hibernation  Hex/Ice        74%        N/A       1%          2
 Momentum Strike          Conj/Tloc      96%        3d10      1%          2
 Apportation              Tloc           30%        N/A       4%          1
 Necrotise                Necr           60%        1d7       4%          1
 Blink                    Tloc           30%        N/A       8%          2
 Lesser Beckoning         Tloc           30%        N/A       8%          2
 Sublimation of Blood     Necr           15%        N/A       8%          2
 Hailstorm                Conj/Ice       59%        3d13      0%          3
 Stone Arrow              Conj/Erth      100%       3d13      0%          3
 Flame Wave               Conj/Fire      72%        2d16      0%          4
 Sticky Flame             Conj/Fire      72%        2d9       0%          4
 Fireball                 Conj/Fire      36%        3d15      0%          5
 Call Canine Familiar     Summ           56%        N/A       1%          3
 Dazzling Flash           Conj/Hex       100%       N/A       1%          3
 Frozen Ramparts          Ice            90%        1d14      1%          3
 Inner Flame              Hex/Fire       56%        N/A       1%          3
 Mephitic Cloud           Conj/Pois/Air  55%        N/A       1%          3
 Ozocubu's Armour         Ice            45%        N/A       1%          3
 Spider Form              Tmut/Pois      48%        N/A       1%          3
 Summon Guardian Golem    Hex/Summ       45%        N/A       1%          3
 Volatile Blastmotes      Fire/Tloc      100%       2d18      1%          3
 Airstrike                Air            18%        2d(3-19)  1%          4
 Fulminant Prism          Conj/Hex       27%        3d14      1%          4
 Ice Form                 Ice/Tmut       44%        N/A       1%          4
 Iskenderun's Mystic Bla  Conj/Tloc      48%        2d11      1%          4
 Leda's Liquefaction      Hex/Erth       24%        N/A       1%          4
 Olgreb's Toxic Radiance  Pois           51%        N/A       1%          4
 Petrify                  Tmut/Erth      54%        N/A       1%          4
 Summon Ice Beast         Ice/Summ       51%        N/A       1%          4
 Summon Lightning Spire   Summ/Air       48%        N/A       1%          4
 Arcjolt                  Conj/Air       28%        1d38      1%          5
 Lee's Rapid Deconstruct  Erth           30%        3d16*     1%          5
 Conjure Ball Lightning   Conj/Air       28%        3x3d8     1%          6
 Leda's Unmaking          Conj/Erth      33%        9d6       1%          6
 Plasma Beam              Fire/Air       29%        2x1d46    1%          6
 Starburst                Conj/Fire      36%        6d11      1%          6
 Confusing Touch          Hex            30%        N/A       2%          3
 Tukima's Dance           Hex            30%        N/A       2%          3
 Alistair's Intoxication  Tmut/Pois      32%        N/A       3%          5
 Yara's Violent Unravell  Hex/Tmut       18%        3d9       3%          5
 Vhi's Electric Charge    Tloc/Air       52%        N/A       4%          3
 Blade Hands              Tmut           22%        N/A       5%          5
 Summon Mana Viper        Hex/Summ       45%        N/A       5%          5
 Summon Cactus Giant      Summ           28%        N/A       5%          6
 Eringya's Noxious Bog    Tmut/Pois      24%        N/A       6%          6
 Portal Projectile        Hex/Tloc       44%        N/A       7%          3
 Borgnjor's Vile Clutch   Necr/Erth      20%        N/A       8%          5
 Cause Fear               Hex            15%        N/A       11%         4
 Metabolic Englaciation   Hex/Ice        18%        N/A       13%         5
 Summon Forest            Summ/Tloc      18%        N/A       13%         5
 Vampiric Draining        Necr           15%        2d7       17%         3
 Silence                  Hex/Air        16%        N/A       21%         5
 Anguish                  Hex/Necr       11%        N/A       26%         4
 Monstrous Menagerie      Summ           28%        N/A       34%         7
 Summon Hydra             Summ           28%        N/A       34%         7
 Ozocubu's Refrigeration  Ice            22%        4d12      45%         7
 Animate Dead             Necr           15%        N/A       52%         4
 Dispel Undead            Necr           15%        3d10      52%         4
 Manifold Assault         Tloc           15%        N/A       52%         4
 Passage of Golubria      Tloc           15%        N/A       52%         4
 Fire Storm               Conj/Fire      36%        8d9       54%         9
 Agony                    Necr           15%        N/A       87%         5
 Simulacrum               Ice/Necr       15%        N/A       89%         6
 Dragon Form              Tmut           22%        N/A       92%         7
 Storm Form               Tmut/Air       20%        N/A       97%         7
 Haunt                    Necr/Summ      18%        N/A       99%         7
 Shatter                  Erth           30%        3d25*     99%         9
 Death Channel            Necr           7%         N/A       100%        6
 Dispersal                Tloc           7%         N/A       100%        6
 Enfeeble                 Hex            15%        N/A       100%        7
 Discord                  Hex            15%        N/A       100%        8
 Disjunction              Tloc           7%         N/A       100%        8
 Infestation              Necr           7%         N/A       100%        8
 Maxwell's Capacitive Co  Air            18%        ∞         100%        8
 Chain Lightning          Conj/Air       28%        3d37      100%        9
 Dragon's Call            Summ           28%        N/A       100%        9
 Polar Vortex             Ice            22%        N/A       100%        9


Dungeon Overview and Level Annotations

Branches:
Dungeon (15/15)            Temple (0/1) D:6            Lair (5/5) D:10
 Shoals (4/4) Lair:2       Spider (4/4) Lair:3        Slime (5/5) Lair:4
    Orc (2/2) D:9             Elf (3/3) Orc:2        Vaults (5/5) D:13
  Crypt (0/3) Vaults:3     Depths (4/4) D:15            Zot (5/5) Depths:4
 Bailey (visited)           IceCv (visited)         Volcano (visited)

Altars:
Elyvilon
Fedhas
Hepliaklqana
Nemelex Xobeh
Okawaru
Trog
Vehumet
Xom
Zin
The Shining One
Lugonu

Shops:
D:4 (   D:6 *(   D:11 *[*   Orc:2 [:[(   Elf:2 [   Shoals:1 !   Depths:2 :=:
Depths:4 ?

Portals:
Hell: Depths:1 Depths:2 Depths:3 Depths:4
Abyss: Shoals:3 Depths:1
Pandemonium: Depths:2

Annotations:
D:2 Natasha
D:7 3 runed translucent doors, browni3141's ghost, novice OgWr
D:9 2 runed translucent doors
D:13 1 runed translucent door, Tuedos's ghost, journeyman BaGl
D:14 2 exclusions
Lair:1 exclusion: 3 oklob plants
Lair:4 1 runed translucent door, Bacu's ghost, journeyman DjCj
Shoals:3 1 runed translucent door
Spider:1 exclusion: downstairs
Spider:2 3 runed translucent doors, Baxzics's ghost, adept DECj
Elf:2 3 runed translucent doors
Vaults:1 exclusion: phantasmal warrior
Zot:5 1 exclusion


Innate Abilities, Weirdness & Mutations

Your serpentine skin is tough. (AC +9)
You have supernaturally acute eyesight. (SInv)
Armour fits poorly on your strangely shaped body.
Your system is resistant to poisons. (rPois)
You cover ground very slowly.
You can spit poison.
You can use your snake-like lower body to constrict enemies.
Your tail ends in a venomous barb.
Your body sometimes deteriorates upon taking damage.
Your natural rate of healing is unusually fast.
You are robust. (+10% HP)
You are weak. (Str -2)
Your spells are easier to cast, but less powerful.
You expend magic power (3 MP) to strengthen your wands.


Message History

You block the Executioner's attack.
The Executioner hits you but does no damage.
You block the Executioner's attack.
You hit the Executioner but do no damage.
You constrict the Executioner, but do no damage.
The Executioner hits you but does no damage. x2
You block the Executioner's attack. The Executioner barely misses you.
You block the Executioner's attack. The Executioner barely misses you.
You impale the Executioner!! You constrict the Executioner.
You block the Executioner's attack. The Executioner closely misses you.
The Executioner hits you but does no damage.
You block the Executioner's attack.
The Executioner hits you but does no damage.
You block the Executioner's attack.
You puncture the Executioner! You constrict the Executioner.
You block the Executioner's attack.
The Executioner hits you but does no damage.
You block the Executioner's attack.
You hear a grinding noise.
You puncture the Executioner! You constrict the Executioner.
The Executioner hits you but does no damage. x2
You block the Executioner's attack. x2
The Executioner hits you but does no damage.
You block the Executioner's attack.
You puncture the Executioner!
You kill the Executioner!
Vehumet accepts your kill.
You feel your power returning.
Training target 17.0 for Fighting reached!
Your Fighting skill increases to level 17!
You need to enable at least one skill for training.
You hear a grinding noise.
The hellion gestures at you.
The sphere of damnation explodes!
The damnation engulfs you!!
There is a staircase leading out of the dungeon here.
The hellion gestures at you.
The sphere of damnation explodes!
The damnation engulfs you!
The damnation engulfs the hellion.
The hellion completely resists.
You hear a grinding noise.
You have escaped!

##.###.######.###.#### ##..##.#
....#.## ##.#.....###....#.#
####.## ##.######...###..# ...[.#
#....###'#.# #..# ######
######..##.###.#### ##
###'#+##.......† .#
#..##....####### .# ###'#'#'##.#
.## #@..#..###.# ..###
##2#'#'#+##.####### ....#
####.##..##...........
..#.########.#.#####'#+#..######.
............#.## #..###.# #.
...........#.## ###'#..# #.
.##.######[#.#########...## #.
.##.# #............###..# #.
.##.# #.........######..# #.


You could see a hellion.

Vanquished Creatures
  the Royal Jelly (Slime:5)
  2 dread liches (Zot:5)
  2 orbs of fire (Zot:5)
  3 ancient liches
  Tiamat (Zot:3)
  A pandemonium lord (Zig:9)
  Boris (twice) (Vaults:2 Depths:3)
  Parghit (Depths:4)
  Saint Roka (Vaults:1)
  11 Killer Klowns
  2 curse toes
  Xtahua (Vaults:2)
  Nikola (Elf:3)
  2 caustic shrikes (Depths:4)
  4 golden dragons
  Arachne (Spider:2)
  2 bone dragons
  A Brimstone Fiend (Depths:2)
  4 electric golems
  The ghost of halvedace the Warrior, an adept MiFi of Cheibriados (Zig:8)
  14 tentacled monstrosities
  An Ice Fiend (Depths:2)
  4 liches
  15 Orb Guardians (Zot:5)
  2 deep elf blademasters
  3 titans (Vaults:5)
  14 acid blobs
  2 deep elf master archers
  A sphinx (shapeshifter) (Zig:7)
  Gastronok (D:8)
  10 quicksilver dragons
  A kraken (Shoals:3)
  2 sphinxes
  An eldritch tentacle (Depths:4)
  An Executioner (D:1)
  12 death cobs
  Donald (Slime:2)
  7 tengu reavers
  A shadow dragon (shapeshifter) (Zig:7)
  5 draconian monks
  6 rockslimes
  16 storm dragons
  A fenstrider witch (Zig:6)
  8 shadow dragons
  9 fire giants
  5 azure jellies
  8 draconian knights
  A revenant (Zig:8)
  Ilsuiw (Shoals:4)
  3 emperor scorpions
  10 deep elf sorcerers
  13 frost giants
  3 iron dragons
  2 balrugs
  17 vault wardens
  10 ghost moths
  18 ironbound preservers
  5 deep elf elementalists
  3 draconian scorchers
  Aizul (Spider:2)
  A cacodemon (D:11)
  3 curse skulls
  2 spriggan defenders (Depths:2)
  3 orc warlords
  6 draconian shifters
  4 draconian stormcallers
  3 broodmothers
  5 very ugly things
  7 stone giants
  11 draconian annihilators
  2 war gargoyles
  11 quicksilver oozes
  6 ironbound thunderhulks
  10 green draconians
  3 vampire knights
  2 deep elf demonologists (Elf:3)
  7 deep elf annihilators
  22 purple draconians
  2 eleionomae (shapeshifter) (Zig:9)
  2 eleionomae (Shoals:1)
  11 red draconians
  18 dire elephants
  9 yellow draconians
  10 white draconians
  A demonspawn black sun (Zig:8)
  7 black draconians
  6 formless jellyfish
  10 spark wasps
  A crystal guardian (Vaults:3)
  9 deep elf death magi
  An ettin (shapeshifter) (Vaults:5)
  2 eidola
  7 ettins
  5 merfolk javelineers (Shoals:4)
  17 yaktaur captains
  8 fire dragons
  10 merfolk impalers
  Josephine (D:14)
  4 entropy weavers
  A shambling mangrove (Zig:6)
  2 jiangshi (Depths:4)
  4 deep elf high priests (Elf:3)
  Erica (Lair:1)
  A juggernaut simulacrum (Depths:2)
  A hell beast (Depths:2)
  5 hydras
  7 great orbs of eyes
  2 rakshasas
  31 vault guards
  8 ice dragons
  4 jorogumos
  4 spriggan air magi
  2 merfolk avatars
  3 alligator snapping turtles (Shoals:4)
  A peacekeeper (Vaults:3)
  6 satyrs
  3 two-headed ogres
  2 radroaches (Spider:2)
  12 ironbound frosthearts
  An anaconda (Lair:3)
  An anaconda (shapeshifter) (Vaults:5)
  4 centaur warriors
  7 death yaks
  A catoblepas (Depths:4)
  12 boulder beetles
  5 merfolk aquamancers
  6 deep troll earth magi
  2 radroaches (shapeshifter)
  2 alligators (D:15)
  10 deep troll shamans
  A hell hog (D:9)
  A two-headed ogre (shapeshifter) (D:13)
  A vampire mage (Depths:4)
  7 tengu warriors
  5 spriggan berserkers
  18 dancing weapons
  2 orc high priests
  Sonja (D:13)
  15 deep elf knights
  5 sun demons (Volcano)
  10 hell knights
  4 soul eaters
  6 skysharks
  A salamander mystic (Depths:3)
  4 sixfirhies
  A fire crab (Depths:4)
  A sun moth (Spider:2)
  6 iron trolls
  4 pharaoh ants
  15 sea snakes
  4 glowing orange brains
  A shadow demon (Depths:4)
  57 deep trolls
  11 lindwurms
  2 flayed ghosts
  2 swamp dragons (Zig:6)
  10 orb spiders
  6 wizards
  An orange crystal statue (IceCv)
  4 phantasmal warriors
  27 deep elf archers
  A lindwurm (shapeshifter) (Zig:9)
  14 ironbound convokers
  4 orc knights
  8 steelbarb worms
  21 harpies
  3 necromancers
  69 ugly things
  28 deep elf zephyrmancers
  9 cyclopes
  6 orc sorcerers
  41 deep elf pyromancers
  2 oklob plants
  17 wolf spiders
  3 shining eyes
  29 fauns
  A manticore (shapeshifter) (Zig:9)
  2 cyclopes (shapeshifter)
  3 salamanders
  27 moths of wrath
  2 worldbinders (Depths:4)
  16 manticores
  3 naga magi
  9 black mambas
  17 elephants
  8 merfolk sirens
  An elephant (shapeshifter) (Zig:9)
  6 eyes of devastation
  3 orange demons
  14 vault sentinels
  6 water nymphs
  6 demonic crawlers
  3 apocalypse crabs
  2 ice statues (Depths:4)
  A rust devil (Depths:2)
  5 smoke demons
  5 molten gargoyles
  2 gargoyles
  5 torpor snails
  8 cane toads
  4 kobold demonologists
  9 rime drakes
  2 unseen horrors (D:15)
  13 komodo dragons
  A tormentor (Zot:5)
  A freezing wraith (Vaults:5)
  35 yaktaurs
  6 tengu conjurers
  13 trolls
  6 meliai
  A tyrant leech (D:15)
  3 wind drakes
  A queen bee (Lair:1)
  A meliai (shapeshifter) (Vaults:5)
  A bloated husk (Zig:6)
  10 hornets
  15 polar bears
  27 tarantellas
  A troll (shapeshifter) (Zig:10)
  Prince Ribbit (D:5)
  29 merfolk
  A tarantella (shapeshifter) (Elf:2)
  3 snapping turtles
  12 dream sheep (Shoals:3)
  A blink frog (shapeshifter) (D:13)
  9 blink frogs
  Grinder (D:5)
  A raiju (shapeshifter) (Elf:1)
  An iron dragon simulacrum (Depths:2)
  58 slime creatures
  31 jumping spiders
  A flying skull (Vaults:3)
  A frost giant simulacrum (Depths:2)
  A ynoxinul (Depths:2)
  24 water elementals
  An air elemental (Elf:3)
  15 culicivoras
  2 centaur simulacra (D:10)
  3 spriggans
  A slime creature (shapeshifter) (Depths:1)
  A shadow (D:11)
  4 wyverns
  5 wraiths
  2 culicivoras (shapeshifter)
  27 yaks
  A nameless horror (Zig:3)
  6 humans (Zot:4)
  5 fire elementals
  5 golden eyes
  3 fire bats (D:15)
  46 redbacks
  10 steam dragons
  12 basilisks
  5 chaos spawn
  7 vampire mosquitoes (D:12)
  2 spatial vortices (Depths:4)
  A harpy simulacrum (Depths:4)
  5 wargs
  3 acid dragons
  A small abomination (D:1)
  2 swamp worms (shapeshifter)
  9 water moccasins
  7 hell hounds
  49 orc warriors
  2 black bears
  8 ogres
  6 boggarts
  6 centaurs
  17 wolves
  A phantom (D:6)
  4 kobold brigands
  11 bullfrogs
  A necrophage (D:14)
  A gnoll sergeant (D:12)
  2 scorpions
  7 earth elementals
  8 wights
  24 killer bees
  An elephant simulacrum (Depths:4)
  6 howler monkeys
  A vampire bat (D:15)
  10 lava snakes
  A human simulacrum (Vaults:4)
  28 orc priests
  2 hounds
  6 jellies
  A sleepcap (D:8)
  2 hell rats (Lair:3)
  Natasha (D:2)
  4 iguanas
  21 orc wizards
  A troll simulacrum (Depths:4)
  20 gnolls
  A river rat (D:3)
  7 adders
  3 naga simulacra (Depths:4)
  A shadow imp (D:7)
  2 white imps (D:10)
  An ufetubus (D:10)
  11 worms
  4 dart slugs
  97 orcs
  10 ball pythons
  12 bats
  9 endoplasms
  6 giant cockroaches
  7 goblins
  13 hobgoblins
  6 jackals
  13 kobolds
  3 quokkas
  3 training dummies (D:6)
  10 frilled lizards
  6 rats
2318 creatures vanquished.

Vanquished Creatures (collateral kills)
  3 orbs of fire (Zot:5)
  A juggernaut (Zot:2)
  A Killer Klown (Zig:9)
  A curse toe (Zot:4)
  Margery (Depths:4)
  A caustic shrike (Depths:4)
  3 golden dragons
  A bone dragon (Zot:2)
  An electric golem (Zot:1)
  6 tentacled monstrosities
  8 Orb Guardians (Zot:5)
  A quicksilver dragon (Zot:3)
  A titan (Vaults:5)
  5 acid blobs
  A death cob (Zot:5)
  2 shadow dragons
  A draconian monk (Zot:3)
  An azure jelly (Slime:3)
  4 rockslimes
  A fire giant (Vaults:5)
  2 emperor scorpions (Spider:4)
  2 frost giants (Depths:4)
  A vault warden (Vaults:5)
  A deep elf sorcerer (Vaults:5)
  A draconian scorcher (Zot:1)
  A draconian annihilator (Zot:5)
  A draconian shifter (Zot:1)
  2 quicksilver oozes
  An ironbound preserver (Vaults:5)
  A cacodemon (D:11)
  A stone giant (Depths:4)
  3 green draconians
  3 white draconians
  A black draconian (Zot:2)
  A deep elf annihilator (Zig:4)
  A purple draconian (Zot:3)
  A yellow draconian (Zot:5)
  An ettin (Vaults:5)
  2 red draconians
  2 yaktaur captains (Vaults:5)
  A deep elf high priest (Vaults:5)
  2 dancing weapons (Zig:2)
  4 hell knights
  A pharaoh ant (Spider:4)
  A deep troll (Vaults:5)
  A necromancer (Depths:4)
  An ironbound convoker (Vaults:5)
  An orc knight (Vaults:5)
  2 moths of wrath
  A naga mage (Depths:4)
  A yaktaur (Vaults:5)
  14 slime creatures
  A basilisk (Lair:5)
  2 hydra simulacra (Depths:4)
  An ogre (Vaults:5)
  4 foxfires (Lair:1)
111 creatures vanquished.

Vanquished Creatures (others)
  An acid blob (Slime:4)
  A storm dragon (Zot:2)
  A draconian knight (Zot:1)
  2 draconian scorchers
  A yaktaur captain (Vaults:5)
  A death drake (Zig:6)
  A deep elf pyromancer (Elf:3)
  A polar bear (IceCv)
  An orc wizard (D:6)
  236 foxfires
  4 tentacles (Shoals:3)
250 creatures vanquished.

Grand Total: 2679 creatures vanquished

Notes
Turn   | Place    | Note
-------+----------+-------------------------------------------
     0 | D:5      | ragingrage the Naga Delver began the quest for the Orb.
     0 | D:5      | Reached XP level 1. HP: 21/21 MP: 1/1
   170 | D:4      | Reached XP level 2. HP: 28/28 MP: 2/2
   536 | D:2      | Reached XP level 3. HP: 34/34 MP: 3/3
   576 | D:2      | Found a faded altar of an unknown god.
   605 | D:2      | Got the Quarto of Spellbinding Modification
  1080 | D:1      | Reached XP level 4. HP: 37/42 MP: 4/4
  2488 | D:2      | Reached skill level 5 in Short Blades
  2488 | D:2      | Reached XP level 5. HP: 49/49 MP: 5/5
  2574 | D:2      | Prayed at the altar of an unknown god.
  2574 | D:2      | Became a worshipper of Vehumet
  2574 | D:2      | Reached * piety under Vehumet
  2574 | D:2      | Offered knowledge of Foxfire by Vehumet.
  2577 | D:2      | Learned a level 1 spell: Foxfire
  2993 | D:3      | Noticed Natasha
  3025 | D:2      | Killed Natasha
  3026 | D:2      | Reached skill level 1 in Conjurations
  3026 | D:2      | Reached skill level 1 in Fire Magic
  3054 | D:2      | Noticed Natasha
  4040 | D:3      | Reached ** piety under Vehumet
  4040 | D:3      | Offered knowledge of Poisonous Vapours by Vehumet.
  4041 | D:3      | Reached XP level 6. HP: 55/56 MP: 0/6
  4044 | D:3      | Learned a level 2 spell: Poisonous Vapours
  4295 | D:4      | Noticed Grinder
  4308 | D:5      | Reached skill level 2 in Fire Magic
  4510 | D:5      | Reached skill level 1 in Poison Magic
  4808 | D:4      | Reached skill level 1 in Air Magic
  5247 | D:4      | Found Otoy's Weapon Emporium.
  5338 | D:4      | Reached XP level 7. HP: 62/62 MP: 5/7
  5637 | D:5      | Killed Grinder
  5638 | D:5      | Reached skill level 3 in Fire Magic
  5988 | D:6      | Found a blossoming altar of Fedhas.
  6017 | D:6      | Found a hazy altar of Hepliaklqana.
  6022 | D:6      | Reached skill level 5 in Poison Magic
  6075 | D:6      | Found a staircase to the Ecumenical Temple.
  6099 | D:5      | Reached skill level 1 in Spellcasting
  6241 | D:6      | Noticed Prince Ribbit
  6254 | D:5      | HP: 3/62 [Prince Ribbit (16)]
  6262 | D:5      | Killed Prince Ribbit
  6263 | D:5      | Reached XP level 8. HP: 6/69 MP: 4/11
  6714 | D:6      | Learned a level 3 spell: Swiftness
  6779 | D:6      | Reached skill level 5 in Air Magic
  7103 | D:6      | Found Funleptehoi's General Store.
  7106 | D:6      | Bought a +1 short sword of venom for 137 gold pieces
  7134 | D:6      | Found Soihisut's Firing Range.
  7143 | D:6      | Bought 2 throwing nets for 66 gold pieces
  7149 | D:6      | Offered knowledge of Inner Flame by Vehumet.
  7164 | D:6      | Learned a level 3 spell: Inner Flame
  7367 | D:6      | Reached skill level 1 in Hexes
  7864 | D:7      | Reached skill level 4 in Fire Magic
  7993 | D:7      | Reached skill level 5 in Fire Magic
  7993 | D:7      | Reached XP level 9. HP: 43/75 MP: 8/12
  8171 | D:7      | Learned a level 3 spell: Ozocubu's Armour
  8451 | D:7      | Reached skill level 1 in Ice Magic
  8692 | D:7      | Found a runed translucent gate.
  8693 | D:7      | Found a runed translucent gate.
  8693 | D:7      | Found a runed translucent gate.
  8695 | D:7      | Noticed browni3141's ghost (novice OgWr)
  8759 | D:8      | Noticed Gastronok
  9064 | D:8      | Noticed a cyclops
  9403 | D:8      | Killed a cyclops
 10057 | D:8      | Found an iron altar of Okawaru.
 10583 | D:8      | Reached *** piety under Vehumet
 10667 | D:8      | Learned a level 3 spell: Ignite Poison
 10783 | D:9      | Noticed a troll
 10789 | D:9      | Killed a troll
 10790 | D:9      | Reached skill level 1 in Transmutations
 10790 | D:9      | Reached skill level 6 in Fire Magic
 10790 | D:9      | Reached skill level 5 in Ice Magic
 10790 | D:9      | Reached XP level 10. HP: 84/84 MP: 1/15
 10898 | D:9      | Found a large runed translucent door.
 10899 | D:9      | Found a large runed translucent door.
 11045 | D:9      | Found a staircase to the Orcish Mines.
 11119 | D:9      | Found a flagged portal.
 11128 | Bailey   | Entered a bailey
 11294 | Bailey   | Noticed an orc knight
 11306 | Bailey   | Killed an orc knight
 11524 | Bailey   | Learned a level 3 spell: Mephitic Cloud
 11593 | Bailey   | Found a large runed translucent door.
 11593 | Bailey   | Found a large runed translucent door.
 11594 | Bailey   | Noticed a deep elf pyromancer
 11635 | Bailey   | Killed a deep elf pyromancer
 11636 | Bailey   | Reached skill level 5 in Spellcasting
 11636 | Bailey   | Reached skill level 7 in Fire Magic
 11645 | Bailey   | Identified the staff of cold "Laumuete" {rPois rC+ rN+
                  | Str+5 Stlth+}
 11652 | Bailey   | Identified the +1 chain mail of the Prince of Darkness
                  | {-Cast rPois rCorr}
 11661 | Bailey   | Identified the +1 robe of the Gloaming {Fly Dex+6}
 12057 | D:9      | Offered knowledge of Iskenderun's Mystic Blast by Vehumet.
 12616 | D:10     | Entered Level 10 of the Dungeon
 12963 | D:10     | Noticed an oklob plant
 12969 | D:10     | Found a staircase to the Lair.
 13087 | D:10     | Reached skill level 5 in Transmutations
 13087 | D:10     | Reached XP level 11. HP: 73/90 MP: 3/18
 13669 | D:10     | Found a glowing silver altar of Zin.
 13669 | D:10     | Found a white marble altar of Elyvilon.
 13670 | D:10     | Found a glowing golden altar of the Shining One.
 13718 | D:10     | Identified the +3 quarterstaff "Mauno" {pain, rC+ Int+3}
 13825 | D:10     | Identified the ring "Qunkam" {rPois rC+}
 14100 | D:11     | Found Geithaub's Assorted Antiques.
 14104 | D:11     | Found Liboes's Armour Shop.
 14304 | D:11     | Bought an amethyst potion for 31 gold pieces
 14312 | D:11     | Bought a +1 cloak of preservation for 214 gold pieces
 14334 | D:11     | Noticed a two-headed ogre
 14339 | D:11     | Killed a two-headed ogre
 14406 | D:11     | Noticed a cyclops
 14409 | D:11     | Killed a cyclops
 14495 | D:11     | Noticed a two-headed ogre
 14499 | D:11     | Killed a two-headed ogre
 14500 | D:11     | Reached skill level 5 in Conjurations
 14611 | D:11     | Found Wust's General Store.
 14663 | D:11     | Reached skill level 10 in Poison Magic
 14811 | D:11     | Noticed a cyclops
 14815 | D:11     | Killed a cyclops
 14856 | D:11     | Identified 2 scrolls of acquirement
 14856 | D:11     | Acquired the Unrestrained Analects
 15321 | D:10     | Killed an oklob plant
 15321 | D:10     | Reached **** piety under Vehumet
 15341 | Lair:1   | Entered Level 1 of the Lair of Beasts
 15438 | Lair:1   | Learned a level 5 spell: Irradiate
 15608 | Lair:1   | Noticed Erica
 15616 | Lair:1   | Killed Erica
 15816 | Lair:1   | Offered knowledge of Sticky Flame by Vehumet.
 15820 | Lair:1   | Reached XP level 12. HP: 62/97 MP: 7/20
 16268 | Lair:1   | Learned a level 4 spell: Olgreb's Toxic Radiance
 17392 | Lair:2   | Identified the +2 cloak of Poza {-Cast Harm Dex+5 SInv}
 17726 | Lair:2   | Learned a level 5 spell: Freezing Cloud
 17766 | Lair:2   | Found a staircase to the Shoals.
 18209 | Lair:3   | Noticed an eight-headed hydra
 18494 | Lair:3   | Killed an eight-headed hydra
 18495 | Lair:3   | Reached skill level 10 in Spellcasting
 18495 | Lair:3   | Noticed a four-headed hydra
 18508 | Lair:3   | Killed a four-headed hydra
 18630 | Lair:3   | Found a hole to the Spider Nest.
 18743 | Lair:3   | Noticed an anaconda
 18755 | Lair:3   | Gained mutation: You can use your snake-like lower body to
                  | constrict enemies. [Naga growth]
 18755 | Lair:3   | Reached XP level 13. HP: 75/103 MP: 27/27
 19305 | Lair:3   | Found a runed translucent door.
 19924 | Lair:3   | Reached skill level 1 in Armour
 20005 | Lair:3   | Reached ***** piety under Vehumet
 20160 | Lair:3   | Offered knowledge of Plasma Beam by Vehumet.
 20201 | Lair:3   | Found a runed translucent gate.
 20205 | Lair:3   | Found a runed translucent gate.
 20205 | Lair:3   | Found a runed translucent gate.
 20205 | Lair:3   | Found a runed translucent gate.
 20205 | Lair:3   | Found a runed translucent gate.
 20207 | Lair:3   | Found a runed translucent gate.
 20804 | Lair:4   | Found a staircase to the Slime Pits.
 20884 | Lair:4   | Reached skill level 5 in Fighting
 21098 | Lair:4   | Reached skill level 5 in Dodging
 21530 | Lair:4   | Found a runed translucent door.
 21533 | Lair:4   | Noticed Bacu's ghost (journeyman DjCj)
 21725 | Lair:4   | Reached XP level 14. HP: 123/123 MP: 28/28
 21785 | Lair:5   | Entered Level 5 of the Lair of Beasts
 21914 | Lair:5   | Reached skill level 1 in Shields
 21925 | Lair:5   | Reached skill level 1 in Evocations
 22047 | Lair:5   | Found a dark tunnel.
 22133 | Volcano  | Entered a volcano
 24146 | Lair:5   | Found a large runed translucent door.
 24147 | Lair:5   | Found a large runed translucent door.
 24705 | Orc:1    | Entered Level 1 of the Orcish Mines
 25212 | Orc:2    | Entered Level 2 of the Orcish Mines
 25216 | Orc:2    | Reached skill level 5 in Evocations
 25510 | Orc:2    | Found a staircase to the Elven Halls.
 25665 | Orc:2    | Offered knowledge of Conjure Ball Lightning by Vehumet.
 26150 | Orc:2    | Found Jaxtof's Antique Armour Shoppe.
 26155 | Orc:2    | Bought a pitted chain mail for 275 gold pieces
 26155 | Orc:2    | Identified the +8 chain mail of the Forest {rElec Str-5
                  | Dex+8} (You bought it in a shop on level 2 of the Orcish
                  | Mines)
 26175 | Orc:2    | Noticed an orc warlord
 26189 | Orc:2    | Killed an orc warlord
 26782 | Orc:2    | Reached XP level 15. HP: 136/136 MP: 12/29
 26869 | Orc:2    | Noticed an orc warlord
 26876 | Orc:2    | Killed an orc warlord
 27644 | Orc:2    | Reached skill level 10 in Fighting
 27645 | Orc:2    | Found Wireuzxeoha's Book Shoppe.
 28030 | Orc:2    | Found Heusa's Antique Armour Shoppe.
 28032 | Orc:2    | Found Juologiosk's Antique Weapon Emporium.
 28039 | Orc:2    | Bought a pair of glowing gloves for 195 gold pieces
 28201 | Orc:2    | Acquired 1009 gold pieces
 28277 | D:8      | Killed Gastronok
 28432 | D:6      | Bought a phial of floods for 520 gold pieces
 28432 | D:6      | Bought a potion of curing for 39 gold pieces
 28432 | D:6      | Bought a scroll of magic mapping for 97 gold pieces
 28557 | D:11     | Bought a scroll of identify for 28 gold pieces
 28557 | D:11     | Bought a scroll of noise for 14 gold pieces
 29627 | D:13     | Noticed Sonja
 29630 | D:13     | Killed Sonja
 30638 | D:13     | Found a runed translucent door.
 30638 | D:13     | Found a shimmering altar of Xom.
 30638 | D:13     | Noticed Tuedos's ghost (journeyman BaGl)
 30798 | D:13     | Reached skill level 10 in Conjurations
 30958 | D:13     | Found a gate to the Vaults.
 31214 | D:14     | Found a frozen archway.
 31303 | IceCv    | Entered an ice cave
 31307 | IceCv    | Reached ****** piety under Vehumet
 31561 | IceCv    | Reached skill level 5 in Armour
 31907 | IceCv    | Identified the +1 pair of boots of Fuigid {rF++ Int+3}
 31920 | IceCv    | Noticed a frost giant
 31922 | IceCv    | Reached XP level 16. HP: 144/150 MP: 23/31
 32467 | IceCv    | Learned a level 7 spell: Orb of Destruction
 32733 | D:14     | Noticed Josephine
 32738 | D:14     | Killed Josephine
 33406 | D:14     | Offered knowledge of Iskenderun's Battlesphere by Vehumet.
 33472 | D:14     | Found a sparkling altar of Nemelex Xobeh.
 33587 | D:15     | Entered Level 15 of the Dungeon
 34084 | D:15     | Found a staircase to the Depths.
 34865 | D:15     | Offered knowledge of Starburst by Vehumet.
 35677 | D:15     | Identified the +1 helmet "Liwyphib" {Int+5}
 35892 | Shoals:1 | Entered Level 1 of the Shoals
 36012 | Shoals:1 | Found Biuwn's Distillery.
 36023 | Shoals:1 | Bought a potion of heal wounds for 60 gold pieces
 36023 | Shoals:1 | Bought a potion of heal wounds for 60 gold pieces
 36023 | Shoals:1 | Bought a potion of haste for 120 gold pieces
 36114 | Shoals:1 | Reached XP level 17. HP: 142/157 MP: 16/32
 36453 | Shoals:1 | Reached skill level 5 in Shields
 36620 | Shoals:1 | Identified the +6 sling "Igoalir" {flame, rC+ rN+ Int-5}
 37169 | Shoals:1 | Identified the +8 chain mail "Xiyhuat" {Harm rN+ Str-5
                  | Dex+2}
 37365 | Shoals:2 | Acquired the +2 barding "Detuwiel" {Contam rPois Dex+2
                  | Stlth+}
 37473 | Shoals:2 | Identified the +1 ring mail of Yrphiucatt {rC+ Int+6}
 38088 | Shoals:3 | Offered knowledge of Lee's Rapid Deconstruction by Vehumet.
 38603 | Shoals:3 | Found a runed translucent door.
 39194 | Shoals:3 | Noticed a kraken
 39207 | Shoals:3 | Killed a kraken
 39208 | Shoals:3 | Reached XP level 18. HP: 165/165 MP: 15/35
 39498 | Shoals:3 | Found a corrupted altar of Lugonu.
 39498 | Shoals:3 | Found a one-way gate to the infinite horrors of the Abyss.
 39714 | Shoals:4 | Entered Level 4 of the Shoals
 39724 | Shoals:4 | Reached skill level 10 in Shields
 40554 | Shoals:4 | Offered knowledge of Fireball by Vehumet.
 40630 | Shoals:4 | Noticed Ilsuiw
 40637 | Shoals:4 | Killed Ilsuiw
 40723 | Shoals:4 | Identified the +4 shortbow "Diom Tips" {drain, rN+ Will+
                  | Str+3 Int+3}
 41065 | Shoals:4 | Identified the +2 robe "Hovejam" {Str+4}
 41421 | Shoals:4 | Got a barnacled rune of Zot
 41644 | Spider:1 | Entered Level 1 of the Spider Nest
 43437 | Spider:2 | Found a runed translucent gate.
 43437 | Spider:2 | Found a runed translucent gate.
 43437 | Spider:2 | Found a runed translucent gate.
 43439 | Spider:2 | Noticed Arachne
 43506 | Spider:2 | Offered knowledge of Eringya's Noxious Bog by Vehumet.
 44206 | Spider:2 | Killed Arachne
 44354 | Spider:2 | Noticed Baxzics's ghost (adept DECj)
 44361 | Spider:2 | Found the +8 lance "Wyrmbane" {slay drac, rPois rF+ rC+
                  | AC+3}
 44491 | Spider:2 | Noticed Aizul
 44500 | Spider:2 | Killed Aizul
 44977 | Spider:2 | Reached XP level 19. HP: 142/171 MP: 36/36
 47512 | Spider:4 | Entered Level 4 of the Spider Nest
 47650 | Spider:4 | Reached skill level 15 in Shields
 48145 | Spider:4 | Reached skill level 8 in Fire Magic
 48853 | Elf:1    | Entered Level 1 of the Elven Halls
 49487 | Elf:1    | Offered knowledge of Lehudib's Crystal Spear by Vehumet.
 49487 | Elf:1    | Offered knowledge of Chain Lightning by Vehumet.
 49487 | Elf:1    | Offered knowledge of Polar Vortex by Vehumet.
 49966 | Elf:1    | Identified the +8 whip of the Jumping Hero {antimagic,
                  | rPois}
 49973 | Elf:1    | Identified the staff of conjuration "Anuhicihe" {rC+ Str+4}
 50791 | Elf:2    | Reached skill level 9 in Fire Magic
 51099 | Elf:2    | Found a runed translucent gate.
 51099 | Elf:2    | Found a runed translucent gate.
 51101 | Elf:2    | Found a runed translucent gate.
 51128 | Elf:2    | Reached XP level 20. HP: 184/184 MP: 23/37
 51620 | Elf:2    | Found Egara's Dragon-Slaying Spoils.
 51840 | Elf:3    | Entered Level 3 of the Elven Halls
 51842 | Elf:3    | Upgraded the game from 0.31-a0-102-g33a4ccc0cb to
                  | 0.31-a0-108-gdf935468f2
 52245 | Elf:3    | Paralysed by an air elemental for 1 turns
 52413 | Elf:3    | Reached skill level 10 in Fire Magic
 52810 | Elf:3    | Noticed Nikola
 52827 | Elf:3    | Killed Nikola
 53065 | Elf:3    | Reached skill level 10 in Armour
 53198 | Elf:3    | Identified the +5 halberd "Udism" {venom, *Noise rElec
                  | Str+4}
 53572 | Elf:3    | Identified the +5 ice dragon scales of the Hippo {rF- rC++
                  | Dex+4}
 53764 | Elf:3    | Reached skill level 11 in Fire Magic
 53766 | Elf:3    | Identified the staff of fire "Enoukk" {rF+ rN+}
 53912 | Elf:3    | Identified the +8 mace "Wiskeurph" {flame, *Noise rElec
                  | Str-3 Stlth+}
 53982 | Elf:3    | Identified the ring of the Equinox {Fly rElec rCorr Str+4}
 54115 | Elf:3    | Got Foamust's Thoughts on the Hurtful Evil Eye
 54200 | Elf:3    | Got Sif Muna's Spellbook of Graupel and Blasts
 54208 | Elf:3    | Got the Book of Hurtful Fever
 54384 | Elf:3    | Learned a level 8 spell: Ignition
 54645 | Vaults:1 | Entered Level 1 of the Vaults
 55173 | Vaults:1 | Reached skill level 12 in Fire Magic
 55202 | Vaults:1 | Identified the +1 robe "Orymoe" {Str+3}
 55253 | Vaults:1 | Reached XP level 21. HP: 169/194 MP: 29/38
 55880 | Vaults:1 | Acquired the ring of Equilibrium {rElec rC+ rCorr Stlth+}
 56159 | Vaults:1 | Reached skill level 13 in Fire Magic
 56238 | Vaults:1 | Noticed Saint Roka
 56246 | Vaults:1 | Killed Saint Roka
 56639 | Vaults:2 | Reached skill level 14 in Fire Magic
 56700 | Vaults:2 | Noticed Boris
 56734 | Vaults:2 | Noticed Xtahua
 56798 | Vaults:2 | Killed Boris
 56807 | Vaults:2 | Killed Xtahua
 57544 | Vaults:2 | Reached skill level 15 in Fire Magic
 57705 | Vaults:2 | Got the Papyrus of the Unseen Realm
 58470 | Elf:2    | Bought +0 pearl dragon scales for 1400 gold pieces
 58870 | Vaults:3 | Reached skill level 16 in Fire Magic
 59560 | Vaults:3 | Reached XP level 22. HP: 181/202 MP: 33/40
 59782 | Vaults:3 | Found a staircase to the Crypt.
 61444 | Vaults:4 | Identified the staff of poison "Goickuah" {rPois rC+ Dex+2}
 61752 | Depths:1 | Entered Level 1 of the Depths
 61755 | Depths:1 | Reached skill level 17 in Fire Magic
 62454 | Depths:1 | Found a corrupted altar of Lugonu.
 62533 | Depths:1 | Found a bloodstained altar of Trog.
 62540 | Depths:1 | Identified the +4 dagger of the Disturbing Xeniums {flame,
                  | rPois rN+}
 62678 | Depths:1 | Reached skill level 15 in Conjurations
 62678 | Depths:1 | Reached XP level 23. HP: 210/210 MP: 41/41
 62925 | Depths:1 | Found a gateway to Hell.
 63313 | Depths:2 | Found Daaduma's Book Shop.
 63315 | Depths:2 | Found Lunol's Jewellery Emporium.
 63316 | Depths:2 | Found Xuwoucimy's Book Shop.
 63626 | Depths:2 | Found a one-way gateway to a ziggurat.
 63795 | Depths:2 | Reached XP level 24. HP: 114/212 MP: 37/41
 64074 | Depths:2 | Reached skill level 18 in Fire Magic
 64464 | Depths:2 | Found a one-way gate leading to the halls of Pandemonium.
 64559 | Depths:2 | Identified the staff of fire "Riebe" {rElec rF+ Str+2}
 65534 | Depths:3 | Noticed Boris
 65538 | Depths:3 | Killed Boris
 66068 | Depths:4 | Entered Level 4 of the Depths
 66461 | Depths:4 | Learned a level 7 spell: Spellforged Servitor
 66526 | Depths:4 | Reached skill level 1 in Summonings
 66656 | Depths:4 | Got the Tome of the Union
 66977 | Depths:4 | Got the Opusculum on Oxidation
 67249 | Depths:4 | Reached skill level 5 in Summonings
 67605 | Depths:4 | Found a gate to the Realm of Zot.
 67935 | Depths:4 | Noticed a caustic shrike
 67935 | Depths:4 | Noticed a caustic shrike
 67941 | Depths:4 | Killed a caustic shrike
 67942 | Depths:4 | Noticed a caustic shrike
 67949 | Depths:4 | Killed a caustic shrike
 67956 | Depths:4 | Killed a caustic shrike
 68378 | Depths:4 | Got the Treatise on Excavation
 68384 | Depths:4 | Learned a level 4 spell: Animate Armour
 68526 | Depths:4 | Reached skill level 1 in Polearms
 68540 | Depths:4 | Reached skill level 1 in Earth Magic
 68583 | Depths:4 | Found Fuevetzu's Magic Scroll Shoppe.
 68591 | Depths:4 | Bought a scroll of blinking for 187 gold pieces
 68591 | Depths:4 | Bought a scroll of teleportation for 75 gold pieces
 68591 | Depths:4 | Bought a scroll of teleportation for 75 gold pieces
 68591 | Depths:4 | Bought a scroll of fear for 100 gold pieces
 68675 | Depths:4 | Noticed Margery
 68692 | Depths:4 | Killed Margery
 68810 | Depths:4 | Got the Secrets of the Winter
 69063 | Depths:4 | Got the Encyclopedia of Elsewhere
 70158 | Spider:4 | Reached skill level 10 in Summonings
 70176 | Spider:4 | Reached skill level 5 in Polearms
 70243 | Spider:4 | Reached XP level 25. HP: 224/225 MP: 41/41
 70246 | Spider:4 | Got a gossamer rune of Zot
 70584 | Vaults:5 | Entered Level 5 of the Vaults
 71126 | Vaults:5 | Reached skill level 15 in Spellcasting
 71175 | Vaults:5 | Identified the amulet "Dosur" {Acrobat rElec rC+}
 71941 | Vaults:5 | Reached skill level 10 in Polearms
 72008 | Vaults:5 | Identified the +7 mace "Haomy" {venom, Will+ Int+2}
 72063 | Vaults:5 | Identified the +7 mace of the Moth {freeze, rElec rC+}
 72063 | Vaults:5 | Identified the ring "Vusaocu" {rPois Stlth+}
 72090 | Vaults:5 | Acquired 732 gold pieces
 72100 | Vaults:5 | Identified the staff of conjuration "Qeonag" {rC+ rCorr
                  | Int-4}
 72635 | Vaults:5 | Noticed an ancient lich
 72651 | Vaults:5 | Killed an ancient lich
 73119 | Vaults:5 | Identified the +5 shortbow of Jienki Xofei {antimagic,
                  | rPois Will+ Str+6 Dex-4}
 73124 | Vaults:5 | Got a silver rune of Zot
 73126 | Vaults:5 | Got the Teachings on the Blaze and Wanderlust
 73131 | Vaults:5 | Got Practical Arcane Knowledge
 73659 | Slime:1  | Entered Level 1 of the Pits of Slime
 73796 | Slime:2  | Noticed Donald
 73802 | Slime:2  | Killed Donald
 74294 | Slime:4  | Upgraded the game from 0.31-a0-108-gdf935468f2 to
                  | 0.31-a0-112-gdf0485fa37
 74308 | Slime:4  | Reached XP level 26. HP: 234/234 MP: 42/42
 74433 | Slime:5  | Entered Level 5 of the Pits of Slime
 74460 | Slime:5  | Noticed the Royal Jelly
 76131 | Slime:5  | Killed the Royal Jelly
 76392 | Slime:5  | Identified the +6 hand axe "Bepidigo" {spect, rElec rCorr}
 76414 | Slime:5  | Identified the +1 scale mail of Beogh's Grace {rF- Str+2
                  | Int+4}
 76425 | Slime:5  | Identified the ring of Enuuz {rN+ Int+3}
 76450 | Slime:5  | Got the Codex of the Salvo and Transmigration
 76451 | Slime:5  | Identified the +0 cloak of Sotoahiy {Int+3}
 76474 | Slime:5  | Got Latumol's Treatise on the Gargoyle
 76487 | Slime:5  | Got a slimy rune of Zot
 76489 | Slime:5  | Identified the +2 leather armour "Isocw" {Stlth+}
 76511 | Slime:5  | Identified the staff of air "Felib" {rElec rC- rN++ MP+9
                  | Stlth+}
 77531 | Zot:1    | Entered Level 1 of the Realm of Zot
 77557 | Zot:1    | Noticed Parghit
 77592 | Depths:4 | Killed Parghit
 78485 | Zot:1    | Learned a level 2 spell: Wereblood
 79260 | Zot:2    | Reached skill level 5 in Earth Magic
 79440 | Zot:2    | Reached XP level 27. HP: 100/246 MP: 13/42
 79451 | Zot:2    | Noticed a juggernaut
 80427 | Zot:3    | Found the +4 dragonskin cloak
 80427 | Zot:3    | Noticed Tiamat
 80463 | Zot:3    | Killed Tiamat
 80464 | Zot:3    | Reached skill level 15 in Fighting
 81367 | Zot:4    | Reached skill level 19 in Fire Magic
 81403 | Zot:4    | Learned a level 2 spell: Passwall
 82475 | Zot:5    | Entered Level 5 of the Realm of Zot
 82494 | Zot:5    | Got the Information on Distorted Rime
 83545 | Zot:5    | Noticed an ancient lich
 83563 | Zot:5    | Killed an ancient lich
 83648 | Zot:5    | Learned a level 8 spell: Lehudib's Crystal Spear
 83791 | Zot:5    | Noticed an orb of fire
 83794 | Zot:5    | Gained mutation: You are weak. (Str -2) [an orb of fire]
 83802 | Zot:5    | Noticed an orb of fire
 83808 | Zot:5    | HP: 10/252 [electric golem/bolt of lightning (6)]
 83808 | Zot:5    | HP: 4/252 [electric golem/bolt of lightning (6)]
 84465 | Zot:2    | Reached skill level 10 in Earth Magic
 84803 | Zot:2    | Killed a juggernaut
 84940 | Zot:2    | You are sucked into a shaft and drop 2 floors!
 86211 | Zig:1    | Entered Level 1 of a ziggurat
 86231 | Zig:2    | Entered Level 2 of a ziggurat
 86248 | Zig:2    | Identified the amulet "Jathyv" {Faith rC+ Str+4}
 86253 | Zig:2    | Identified the +5 scale mail "Earthly Heaven" {rElec}
 86278 | Zig:3    | Entered Level 3 of a ziggurat
 86316 | Zig:4    | Entered Level 4 of a ziggurat
 86381 | Zig:4    | Lost mutation: You are weak. (Str -2) [potion of mutation]
 86381 | Zig:4    | Gained mutation: You are robust. (+10% HP) [potion of
                  | mutation]
 86381 | Zig:4    | Gained mutation: Your tail ends in a venomous barb. [potion
                  | of mutation]
 86418 | Zig:5    | Entered Level 5 of a ziggurat
 86461 | Zig:6    | Entered Level 6 of a ziggurat
 86478 | Zig:6    | Identified the +8 falchion "Ebafaant" {heavy, Fly rElec
                  | rPois Str-4}
 86502 | Zig:7    | Entered Level 7 of a ziggurat
 86532 | Zig:7    | Identified the +5 morningstar of Dried Tears {heavy, rF-
                  | Int+3 Stlth+}
 86567 | Zig:8    | Entered Level 8 of a ziggurat
 86574 | Zig:8    | Noticed halvedace's ghost (adept MiFi)
 86583 | Zig:8    | Killed halvedace's ghost
 86831 | Zig:9    | Entered Level 9 of a ziggurat
 86840 | Zig:9    | Noticed Wefiffar the pandemonium lord
 86858 | Zig:9    | Killed Wefiffar the pandemonium lord
 86869 | Zig:9    | Identified the staff of fire "Faumputh" {rF+ rC+ Int-5
                  | Dex+4}
 86876 | Zig:9    | Identified the +3 scimitar of Alaucwux {heavy, rC+}
 87020 | Zig:10   | Entered Level 10 of a ziggurat
 87057 | Zig:10   | Identified the +4 glaive of Owotz {flame, rF+ Dex+5}
 87083 | Zig:10   | Identified the +5 spear of the Mosquito {vamp, rCorr}
 87095 | Zig:11   | Entered Level 11 of a ziggurat
 87106 | Zig:11   | Found the +3 pair of mountain boots {steadfast, rC+}
 87594 | Zot:3    | Reached skill level 20 in Fire Magic
 87687 | Zot:5    | Noticed an orb of fire
 87699 | Zot:5    | Gained mutation: You are vulnerable to heat. (rF-) [an orb
                  | of fire]
 87700 | Zot:5    | Killed an orb of fire
 88318 | Zot:5    | Gained mutation: You occasionally lose the ability to drink
                  | potions when taking damage. [an orb of fire]
 88319 | Zot:5    | Gained mutation: You sometimes lose your temper in combat.
                  | [an orb of fire]
 88321 | Zot:5    | Noticed a dread lich
 88324 | Zot:5    | Killed an orb of fire
 88347 | Zot:5    | Killed a dread lich
 88397 | Zot:5    | Lost mutation: Your tail ends in a venomous barb. [potion
                  | of mutation]
 88397 | Zot:5    | Lost mutation: You are vulnerable to heat. (rF-) [potion of
                  | mutation]
 88397 | Zot:5    | Lost mutation: You occasionally lose the ability to drink
                  | potions when taking damage. [potion of mutation]
 88397 | Zot:5    | Gained mutation: Your flesh is heat resistant. (rF+)
                  | [potion of mutation]
 88398 | Zot:5    | Lost mutation: You sometimes lose your temper in combat.
                  | [potion of mutation]
 88398 | Zot:5    | Lost mutation: Your flesh is heat resistant. (rF+) [potion
                  | of mutation]
 88398 | Zot:5    | Gained mutation: You are weak. (Str -2) [potion of
                  | mutation]
 88398 | Zot:5    | Gained mutation: Your tail ends in a venomous barb. [potion
                  | of mutation]
 88705 | Zot:5    | Noticed an orb of fire
 88711 | Zot:5    | Gained mutation: Your natural rate of healing is unusually
                  | fast. [an orb of fire]
 88714 | Zot:5    | Noticed an orb of fire
 88715 | Zot:5    | Gained mutation: Your spells are a little easier to cast,
                  | but a little less powerful. [an orb of fire]
 88720 | Zot:5    | Killed an orb of fire
 88721 | Zot:5    | Gained mutation: Your spells are easier to cast, but less
                  | powerful. [an orb of fire]
 88721 | Zot:5    | Noticed a dread lich
 88724 | Zot:5    | Killed an orb of fire
 88741 | Zot:5    | Gained mutation: Your body sometimes deteriorates upon
                  | taking damage. [mutagenic glow]
 89007 | Zot:5    | Killed a dread lich
 89007 | Zot:5    | Noticed an ancient lich
 89017 | Zot:5    | Killed an ancient lich
 89285 | Zot:5    | Noticed an orb of fire
 89297 | Zot:5    | Killed an orb of fire
 89298 | Zot:5    | Got the Orb of Zot
 89598 | D:15     | Noticed Exey the pandemonium lord
 89668 | D:13     | Noticed Oguohaci the pandemonium lord
 89712 | D:11     | Gained mutation: You expend magic power (3 MP) to
                  | strengthen your wands. [a cacodemon]
 89886 | D:1      | Noticed Xeewalae the pandemonium lord
 89908 | D:$      | Escaped with the Orb!

Illustrated notes

Levels and vault maps discovered:
D:1:      erik_arrival_triangle_medium, layout_loops_ring
D:2:      layout_rooms, hellmonk_ecumenical_altar_heavens_door,
          hangedman_decor_slide_cut, kennysheep_generic_room_9
D:3:      layout_basic, portal_sewer_entry_c, roderic_roman_lattice,
          grunt_decor_fettered, uniq_natasha
D:4:      corexii_shack_village, layout_basic, serial_shops, shop, uniq_grinder
D:5:      layout_basic, minivault_14, minmay_misc_feat_x, nicolae_letterblocks
          [nicolae_letter_subblock, nicolae_letter_subblock,
          nicolae_letter_subblock, nicolae_letter_subblock,
          nicolae_letter_subblock, nicolae_letter_subblock,
          nicolae_letter_subblock, nicolae_letter_subblock,
          nicolae_letter_subblock, nicolae_letter_subblock,
          nicolae_letter_subblock, nicolae_letter_subblock,
          nicolae_letter_subblock, nicolae_letter_subblock,
          nicolae_letter_subblock, nicolae_letter_subblock,
          nicolae_letter_subblock, nicolae_letter_subblock,
          nicolae_letter_subblock, nicolae_letter_subblock,
          nicolae_letter_subblock, nicolae_letter_subblock,
          nicolae_letter_subblock, nicolae_letter_subblock,
          nicolae_letter_subblock]
D:6:      layout_cave_pools, mainiacjoe_overflow_two_lobes,
          minmay_temple_entry_tees, serial_shops, kennysheep_mini,
          serial_column_ruins, column_ruins_columns_corner,
          column_ruins_columns_straight, column_ruins_open_tiny,
          column_ruins_open_large, column_ruins_grid_3, st_stairs_7,
          nicolae_shop_firing_range, uniq_prince_ribbit1
D:7:      layout_loops_corners, ebering_ghost_rock_garden, serial_park_tiny_2
D:8:      layout_loops_ring, mainiacjoe_overflow_24_doors, uniq_gastronok
D:9:      layout_roguey, jmf_multi_god_temple2, david_orc_3, enter_bailey_8
D:10:     layout_irregular_city, good_gods_mini_temple, dpeg_oklobed_lair,
          serial_ice, serial_ice_a, serial_ice_l, serial_ice_c, serial_ice_n
D:11:     layout_roguey, serial_shops, shop, nicolae_shop_waterfront,
          nicolae_shop_getting_attention
D:12:     layout_roguey
D:13:     layout_gridville, david_vaults_2, ebering_ghost_xom, uniq_sonja
D:14:     layout_loops_ring, portal_ice_cave_entry_ugly_swarm,
          nemelex_diamond_rough_becter, hangedman_stone_soup, minivault_23,
          uniq_josephine
D:15:     hangedman_depths_entry_try_elsewhere_first, layout_basic,
          columned_hall_lemuel, hangedman_parallel_progression
Lair:1:   dpeg_oklob_gauntlet, layout_misc_corridors, special_room
          [special_room_bee], evilmike_ambush [evilmike_ambush_outer_basic,
          evilmike_ambush_inner_basic], lemuel_fruit_tree, uniq_erica
Lair:2:   layout_chaotic_city, minmay_shoals_entry_hut,
          chequers_serial_rivers_micro_b
Lair:3:   gammafunk_indiana_jones, layout_chaotic_city,
          spider_nest_entry_web_field, nicolae_lair_lakeside_cave
Lair:4:   layout_loops_ring, slime_entry_1, hellmonk_ghost_happy_afterlife,
          grunt_megastairs_3
Lair:5:   cheibrodos_lair_end_hotspot, layout_regular_city, enter_volcano_1,
          lemuel_fruit_fields
Shoals:1: layout_shoals, serial_shops, shop, nicolae_shoals_enchanted_isle
Shoals:2: layout_shoals
Shoals:3: layout_shoals, nicolae_shoals_abyss_on_the_beach
Shoals:4: shoals_end_grunt_ice, layout_shoals, shoal_ilsuiw,
          nicolae_shoals_the_drawing_of_the_three
Spider:1: layout_spider_delve
Spider:2: nicolae_spider_hilbert_zone_2 [nicolae_spider_hilbert_4_sides_1_open,
          nicolae_spider_hilbert_4_sides_1_open,
          nicolae_spider_hilbert_4_sides_1_open,
          nicolae_spider_hilbert_4_sides_1_open,
          nicolae_spider_hilbert_6_sides_1_open,
          nicolae_spider_hilbert_6_sides_1_open,
          nicolae_spider_hilbert_3_sides_1_open,
          nicolae_spider_hilbert_3_sides_1_open,
          nicolae_spider_hilbert_3_sides_1_open,
          nicolae_spider_hilbert_3_sides_1_open,
          nicolae_spider_hilbert_6_sides_1_open,
          nicolae_spider_hilbert_6_sides_1_open,
          nicolae_spider_hilbert_6_sides_1_open,
          nicolae_spider_hilbert_6_sides_1_open], gammafunk_ghost_necromancy,
          uniq_arachne, uniq_aizul
Spider:3: layout_chambers, nicolae_spider_stair_cavern
Spider:4: spider_rune_water, hellmonk_deceptive_appearances
Slime:1:  layout_caves
Slime:2:  layout_caves, nicolae_slime_welcoming_committee, uniq_donald
Slime:3:  layout_caves
Slime:4:  layout_caves, cheibrodos_slime_lost_civilization_6
Slime:5
Orc:1:    layout_caves
Orc:2:    grunt_orc_community_town_hall, layout_caves,
          grunt_orc_community_big_house_2, grunt_orc_community_big_house_1,
          grunt_orc_community_house_3, grunt_orc_community_house_3,
          grunt_orc_community_house_1, grunt_orc_community_house_3,
          grunt_orc_community_house_3, grunt_orc_community_house_3
Elf:1:    minmay_the_grid_triangle_9x9_recursive_2_mashed
          [minmay_the_grid_triangle_9x9_prize_top_heavy,
          minmay_the_grid_triangle_9x9_skeleton,
          minmay_the_grid_triangle_9x9_negative_grid,
          minmay_the_grid_triangle_9x9_warning], layout_geoelf_octagon,
          minmay_elf_crystal_heptagon, minivault_24
Elf:2:    elven_hall_of_blades_hangedman_original [grunt_blade_entry_basic],
          layout_loops_cross, minmay_misc_feat_five, dreamdust_princess_bridge,
          nicolae_shop_dragon_depot, grunt_ministairs_12
Elf:3:    minmay_elf_hall_dome, layout_loops_corners, minivault_25_ag,
          uniq_nikola
Vaults:1: v_misc_29, st_octagons_2, grunt_vaults_focal,
          nicolae_vaults_variable_pillar_hall, vaults_dpeg_hooks,
          nicolae_vaults_tetromino_T_2, nicolae_vaults_house_3,
          vaults_room_octagon, ontoclasm_vaults_shuriken, v_misc_30,
          nicolae_vaults_little_squares_1, nicolae_vaults_two_Ls,
          hangedman_vaults_snaps, nicolae_vaults_tetromino_T_1,
          layout_vaults_omnicross, uniq_saint_roka
Vaults:2: nicolae_vaults_trapezoid_layered, nicolae_vaults_cochlea, v_misc_33,
          nicolae_vaults_library_corner, hangedman_vaults_restitches,
          nicolae_vaults_specimen_jars, nicolae_vaults_shrinking_rooms_2,
          v_misc_23, nicolae_vaults_house_2, hangedman_vaults_pinch,
          nicolae_vaults_tetromino_T_1, hangedman_vaults_maws,
          ontoclasm_vaults_loading_screen, nicolae_vaults_trapezoid_1,
          layout_vaults_ring, serial_glass, uniq_xtahua, uniq_boris
Vaults:3: nicolae_vaults_wine_cellar, minmay_crypt_entry_simple_corners,
          nicolae_vaults_doubleplus_tesselated, ontoclasm_vaults_tryst,
          v_misc_13, nicolae_vaults_circle_grid_a,
          nicolae_vaults_heart-shaped_vault, vaults_standard_mumra_x,
          nicolae_vaults_trapezoid_3, nicolae_vaults_apartment_2,
          vaults_dpeg_emergency_exit, nicolae_vaults_network_quinsquares
          [nicolae_vaults_network_quincunx_subvault,
          nicolae_vaults_network_quincunx_subvault,
          nicolae_vaults_network_quincunx_subvault,
          nicolae_vaults_network_quincunx_subvault], layout_vaults_omnibox
Vaults:4: nicolae_vaults_bisected_slash, hangedman_vaults_capsules,
          hangedman_vaults_slice, serial_ice_g, vaults_room_fancy_cross,
          nicolae_vaults_double_plus_1, vaults_dpeg_encased_lava,
          nicolae_vaults_heist, hangedman_vaults_locks, layout_vaults_big_room
Vaults:5: serial_shops
Depths:1: layout_gridlike, abyss_entry_flame_altar,
          minmay_misc_feat_more_columns, lightli_too_deep, bloody_trog,
          firewood_loft
Depths:2: minmay_coctagon, layout_honeycomb, enter_ziggurat_f, hell_entry,
          rand_demon_pan_entry_7, kennysheep_nondecorative_pillar,
          minmay_shop_grove
Depths:3: hangedman_screamer, layout_twisted_cross, hell_entry,
          kennysheep_donut, abyss_entry
Depths:4: grunt_zot_entry_gee_three, layout_gridlike, serial_hangedman_research,
          hangedman_research_quantum, hangedman_research_geology,
          hangedman_research_convocations, hangedman_research_thermodynamics,
          hangedman_research_pyrotechnics, hell_entry, serial_shops,
          shop_scrolls, minmay_door_square, minmay_misc_feat_diagonals,
          uniq_margery
Zot:1:    layout_misc_corridors, grunt_megastairs_2, uniq_parghit
Zot:2:    ebering_greatest_show_in_zot, layout_twisted_circle,
          skrybe_zot_glass_3
Zot:3:    cheibrodos_zot_enchanting_chambers, layout_misc_corridors, uniq_tiamat
Zot:4:    circus_mu, layout_misc_corridors
Zot:5:    layout_misc_corridors

Skill      XL: |  1  2  3  4  5  6  7  8  9 10 11 12 13 14 15 16 17 18 19 20 21 22 23 24 25 26 27 |
---------------+----------------------------------------------------------------------------------+-----
Short Blades   | 3 4 5 6 |  6.9
Conjurations   | 1 2 3 6 7 9 11 12 13 14 15 16 18 | 18.0
Fire Magic     | 1 2 3 5 6 7 9 12 16 17 18 20 | 20.0
Poison Magic   | 2 5 9 10 | 10.0
Air Magic      | 1 4 5 6 |  6.0
Spellcasting   | 2 3 5 10 11 13 14 15 16 | 16.0
Hexes          | 3 4 |  4.0
Ice Magic      | 5 6 7 8 |  8.0
Transmutations | 1 5 7 |  7.8
Dodging        | 5 6 7 9 |  9.0
Armour         | 3 5 7 9 11 12 13 14 | 14.0
Stealth        | 8 |  8.0
Fighting       | 7 9 11 12 13 14 17 | 17.0
Shields        | 4 9 14 15 | 15.0
Evocations     | 5 8 |  8.6
Summonings     | 10 11 12 | 12.0
Polearms       | 5 12 14 | 14.0
Earth Magic    | 3 5 14 | 14.0

Action                     |  1- 3 |  4- 6 |  7- 9 | 10-12 | 13-15 | 16-18 | 19-21 | 22-24 | 25-27 || total
---------------------------+-------+-------+-------+-------+-------+-------+-------+-------+-------++-------
  Melee: Short sword       |    94 |   209 |   195 |   319 |   320 |   176 |     8 |       |       ||  1321
         Punch             |     1 |     4 |     5 |     3 |     2 |       |       |       |       ||    15
         Dagger            |       |       |     5 |       |       |       |       |     2 |       ||     7
         Constrict         |       |       |       |       |    81 |    56 |    18 |    31 |    86 ||   272
         Staff             |       |       |       |       |     4 |    74 |    24 |    36 |     2 ||   140
         Lance             |       |       |       |       |       |     4 |   126 |   217 |  1108 ||  1455
   Fire: Sling             |    10 |    52 |       |       |       |       |       |       |       ||    62
         Arbalest          |       |       |     7 |       |       |       |       |       |       ||     7
  Throw: Dart              |       |       |     1 |       |       |       |       |       |     2 ||     3
         Boomerang         |       |       |     1 |       |       |       |       |       |       ||     1
         Throwing net      |       |       |       |       |       |       |       |       |     4 ||     4
   Cast: Foxfire           |       |    28 |    67 |    36 |       |       |       |       |       ||   131
         Poisonous Vapours |       |     2 |    40 |   140 |   358 |   382 |   459 |   214 |   171 ||  1766
         Inner Flame       |       |       |    22 |     4 |       |       |       |       |       ||    26
         Ozocubu's Armour  |       |       |     3 |     5 |     5 |     5 |       |     1 |       ||    19
         Ignite Poison     |       |       |     2 |    69 |   183 |   221 |   278 |   130 |    93 ||   976
         Mephitic Cloud    |       |       |       |    11 |    11 |     5 |       |       |       ||    27
         Irradiate         |       |       |       |     1 |    10 |    27 |    18 |    37 |    39 ||   132
         Olgreb's Toxic Ra |       |       |       |     8 |    46 |    33 |    53 |    24 |       ||   164
         Freezing Cloud    |       |       |       |     6 |    47 |    52 |    23 |    16 |     9 ||   153
         Orb of Destructio |       |       |       |       |       |    29 |    61 |    95 |   106 ||   291
         Ignition          |       |       |       |       |       |       |     2 |    44 |   167 ||   213
         Animate Armour    |       |       |       |       |       |       |       |     8 |    65 ||    73
         Spellforged Servi |       |       |       |       |       |       |       |     6 |    72 ||    78
         Wereblood         |       |       |       |       |       |       |       |       |     6 ||     6
         Passwall          |       |       |       |       |       |       |       |       |     9 ||     9
         Lehudib's Crystal |       |       |       |       |       |       |       |       |     4 ||     4
         Swiftness         |       |       |       |       |       |       |       |       |     1 ||     1
Ability: Spit Poison       |    10 |    25 |     8 |     2 |       |       |       |       |       ||    45
  Evoke: Wand              |       |       |       |     2 |     5 |     8 |     2 |     3 |    16 ||    36
         Box of beasts     |       |       |       |       |     1 |     1 |       |       |     2 ||     4
         Condenser vane    |       |       |       |       |     1 |     1 |       |     1 |     1 ||     4
         Phial of floods   |       |       |       |       |       |       |     1 |       |       ||     1
         Phantom mirror    |       |       |       |       |       |       |       |     1 |     3 ||     4
    Use: Potion            |       |     4 |     3 |     1 |       |     1 |       |     2 |    28 ||    39
         Scroll            |       |     2 |       |    11 |    10 |     9 |     3 |     3 |    26 ||    64
   Stab: Sleeping          |     6 |    11 |     4 |     9 |     5 |     6 |     4 |     2 |     1 ||    48
         Confused          |       |       |       |     3 |     2 |       |       |       |       ||     5
         Distracted        |       |       |       |       |       |     1 |       |     2 |    19 ||    22
         Held in net/web   |       |       |       |       |       |       |       |       |     4 ||     4
         Paralysed         |       |       |       |       |       |       |       |       |     2 ||     2
 Armour: Leather armour    |    37 |    94 |    35 |       |       |       |       |       |       ||   166
         Steam dragon scal |       |       |    16 |    14 |       |       |       |       |       ||    30
         Robe              |       |       |       |    30 |       |    18 |       |       |       ||    48
         Troll leather arm |       |       |       |   126 |   157 |   109 |       |       |       ||   392
         Ring mail         |       |       |       |       |       |   161 |   160 |       |       ||   321
         Pearl dragon scal |       |       |       |       |       |       |    23 |   279 |   674 ||   976
         Skin              |       |       |       |       |       |       |       |       |    42 ||    42
  Dodge: Dodged            |    37 |    99 |    66 |   178 |   193 |   138 |    80 |   113 |   287 ||  1191
  Block: Buckler           |       |       |       |       |    80 |    24 |       |       |       ||   104
         Kite shield       |       |       |       |       |       |   283 |   266 |   319 |   735 ||  1603

Table legend: (Time is in decaauts)
 A = Elapsed time spent in this place.
 B = Non-inter-level travel time spent in this place.
 C = Inter-level travel time spent in this place.
 D = Time resting spent in this place.
 E = Time spent auto-exploring this place.
 F = Levels seen in this place.
 G = Mean time per level.
                   A        B        C        D        E       F      G
               +--------+--------+--------+--------+--------+-----+--------+
         Total | 106161 |  94032 |  12129 |  27981 |  48646 |  66 | 1608.5 |
       Dungeon |  28081 |  23102 |   4979 |   6397 |  12357 |  15 | 1872.1 |
          Lair |  11355 |   9572 |   1783 |   2708 |   5219 |   5 | 2271.0 |
        Shoals |   6778 |   6410 |    368 |   1395 |   4023 |   4 | 1694.5 |
   Spider Nest |   9074 |   8474 |    600 |   2425 |   4954 |   4 | 2268.5 |
    Slime Pits |   3609 |   3376 |    233 |   1286 |   1178 |   5 |  721.8 |
  Orcish Mines |   4033 |   3841 |    192 |   1289 |   1866 |   2 | 2016.5 |
   Elven Halls |   6819 |   6300 |    519 |   1834 |   3318 |   3 | 2273.0 |
        Vaults |  11354 |  10072 |   1282 |   2218 |   6402 |   5 | 2270.8 |
        Depths |   9981 |   8755 |   1226 |   2539 |   4764 |   4 | 2495.2 |
           Zot |  10876 |   9934 |    942 |   4180 |   3805 |   5 | 2175.2 |
      Ziggurat |    962 |    962 |      0 |    397 |      1 |  11 |   87.5 |
        Bailey |    662 |    662 |      0 |    268 |    120 |   1 |  662.0 |
      Ice Cave |   1637 |   1637 |      0 |    581 |    501 |   1 | 1637.0 |
       Volcano |    935 |    935 |      0 |    459 |    133 |   1 |  935.0 |
               +--------+--------+--------+--------+--------+-----+--------+

Top non-repeatable levels by time:
Depths:4: 4211 daAuts
   Zot:5: 3249 daAuts
   Elf:3: 2980 daAuts
    D:15: 2957 daAuts
Spider:1: 2891 daAuts
  Lair:5: 2883 daAuts
   Orc:2: 2685 daAuts
  Lair:3: 2665 daAuts
Vaults:5: 2647 daAuts
Depths:2: 2646 daAuts
    D:10: 2601 daAuts
Vaults:1: 2498 daAuts
   Zot:3: 2472 daAuts
   Elf:1: 2316 daAuts
Vaults:4: 2297 daAuts
